Map: Zen LE

Players

bAd

  • Race: Terran Terran
  • League: Diamond
  • Spawn Location: 7:00

ViBE - Winner!

  • Race: Zerg Zerg
  • League: Diamond
  • Spawn Location: 1:00

VOD

Have the link to the VOD?

Description

Time

  • Played on: Dec. 16, 2019, 1:49 a.m.
  • Length: 5:39
Show
View Real Time Build Order
Export as new Build Order

bAd Terran 

Build Orders: Reaper Expand 

Get SALT Encoding   

  12  0:01  SCV  
  13  0:13  SCV  
  14  0:17  Supply Depot  
  14  0:25  SCV  
  15  0:39  SCV  
  15  0:40  Barracks  
  16  0:47  Refinery  
  16  0:51  SCV  
  17  1:03  SCV  
  18  1:15  SCV  
  19  1:29  Reaper  
  19  1:30  Orbital Command  
  20  1:40  Command Center  
  20  1:56  Supply Depot, SCV  
  21  2:09  Factory  
  21  2:16  SCV  
  21  2:17  Marine  
  23  2:29  SCV  
  24  2:37  Marine  
  24  2:41  SCV  
  26  2:47  Command Center  
  26  2:49  Refinery  
  26  2:56  Orbital Command  
  26  3:03  Starport  
  26  3:10  SCV  
  26  3:11  Barracks Reactor  
  27  3:22  SCV  
  27  3:23  SCV  
  29  3:28  Supply Depot  
  29  3:34  SCV  
  29  3:40  Starport Tech Lab  
  30  3:49  Fusion Core  
  30  3:55  SCV  
  30  4:00  Hellion x2, Orbital Command  
  35  4:03  SCV  
  35  4:07  Marine  
  37  4:10  SCV  
  37  4:16  SCV  
  39  4:21  Supply Depot  
  39  4:24  Hellion x2  
  39  4:29  SCV  
  39  4:30  Marine, SCV  
  46  4:33  Refinery  
  46  4:44  Viking  
  36  5:06  Hellion  
  34  5:07  Hellion  
  28  5:14  SCV  
Show
View Real Time Build Order
Export as new Build Order

ViBE Zerg - Winner!

Build Orders: Hatch First 

Get SALT Encoding   

  12  0:01  Drone  
  13  0:13  Overlord  
  13  0:16  Drone  
  14  0:31  Drone x2  
  16  0:41  Drone  
  17  0:53  Hatchery  
  17  0:56  Drone  
  17  1:00  Drone  
  18  1:10  Extractor  
  17  1:15  Spawning Pool  
  17  1:18  Drone  
  17  1:23  Drone  
  18  1:29  Drone  
  19  1:43  Overlord  
  19  1:55  Drone  
  21  2:08  Drone x2  
  21  2:09  Queen x2  
  21  2:14  Metabolic Boost  
  26  2:17  Drone x2  
  28  2:25  Drone  
  28  2:28  Drone  
  30  2:33  Drone  
  30  2:37  Drone  
  32  2:44  Overlord  
  32  2:48  Drone  
  33  2:55  Drone  
  33  2:56  Hatchery  
  33  3:03  Roach Warren  
  32  3:05  Drone  
  32  3:11  Overlord  
  33  3:14  Overlord  
  33  3:16  Overlord  
  33  3:19  Overlord  
  33  3:24  Queen  
  35  3:43  Roach x6  
  47  3:51  Roach x3  
  47  3:54  Zergling x4  
  55  4:05  Zergling x6  
  58  4:12  Zergling x4  
  60  4:20  Zergling x10  
  60  4:22  Zergling x2  
  60  4:23  Zergling x4  
  68  4:26  Zergling x4  
  68  4:30  Zergling x2  
  71  4:32  Overlord  
  71  4:35  Zergling x2  
  72  4:42  Zergling x2  
  72  4:43  Zergling x4  
  75  4:49  Zergling x2  
  75  4:50  Zergling x4  
  75  4:52  Zergling x6  
  81  4:58  Zergling x10  
  78  5:08  Zergling x6  
  78  5:11  Zergling x2  
  80  5:15  Zergling x2  
  80  5:16  Zergling x2  
Tags
 
Add a new tag
Caveats
  • Supply blocks, unpowered buildings, or Contaminate may cause inaccurate times.
  • Supply counts are checked every 10 seconds.